 Dungeon Crawl Stone Soup version 0.31-a0-920-g28cbb04a8c (webtiles) character file.

Game seed: 5635433477070315211

30 Azuregosa the Sneak (level 3, -1/26 HPs)
             Began as an Octopode Delver on Oct 17, 2023.
             Slain by a black bear (3 damage)
             ... on level 5 of the Dungeon.
             The game lasted 00:03:30 (318 turns).

Azuregosa the Sneak (Octopode Delver)                Turns: 318, Time: 00:03:31

Health: -1/26      AC:  1    Str: 11    XL:     3   Next: 18%
Magic:  3/3        EV: 14    Int: 12    God:
Gold:   28         SH:  0    Dex: 15    Spells: 2/2 levels left

rFire   . . .        d - +0 spear
rCold   . . .        (no shield)
rNeg    . . .        (helmet restricted)
rPois   .            (no amulet)
rElec   .            (no ring)
rCorr   .            (no ring)
SInv    .            (no ring)
Will    .....        (no ring)
Stlth   ++           (no ring)
HPRegen 0.24/turn    (no ring)
MPRegen 0.08/turn    (no ring)
                     (no ring)

%: no passive effects
@: confused
A: almost no armour, amphibious, 8 rings, camouflage 1, gelatinous body 1,
(nimble swimmer 1), tentacles
a: no special abilities


You were on level 5 of the Dungeon.
You visited 1 branch of the dungeon, and saw 2 of its levels.

You collected 28 gold pieces.

Inventory:

Hand Weapons
 a - a +0 falchion
 d - a +0 spear (weapon)
Wands
 b - a wand of iceblast (6)
 f - a wand of digging (3)
Potions
 c - a potion of degeneration {unknown}
 e - a potion of haste


   Skills:
 - Level 3.0 Fighting
 - Level 2.0 Long Blades
 + Level 3.5 Dodging
 - Level 6.6 Stealth


You had 2 spell levels left.
You didn't know any spells.
Your spell library was empty.

Dungeon Overview and Level Annotations

Branches:
Dungeon (6/15)
 Temple: D:4-7

Altars:

Annotations:
D:5 3 runed translucent doors, Syrassil's ghost, novice HuWn


Innate Abilities, Weirdness & Mutations

You cannot wear most types of armour.
You are amphibious.
You can wear up to eight rings at the same time.
Your skin changes colour to match your surroundings (Stealth+).
Your rubbery body absorbs attacks. (AC +1, EV +1)
((You are camouflaged when in or above water. (Stealth+)))
You have tentacles for arms and can constrict up to eight enemies at once.


Message History

d - a +0 spear
d - a +0 spear (weapon)
You open the door.
Found a storm talisman.
A black bear comes into view.
Found 8 stones.
There is an open door here.
An orc and an orc wizard come into view.
Found 13 gold pieces.
An orc wizard and an orc come into view.
The orc shouts!
The orc wizard shouts!
The black bear growls angrily.
A hound comes into view.
The hound barks!
The orc wizard shouts!
The orc shouts!
You hit the orc. Your grab misses the orc. Your squeeze misses the orc.
The orc is heavily wounded.
The orc wizard casts a spell at you. You resist with significant effort.
The orc misses you.
You barely miss the orc. You grab the orc.
The orc is heavily wounded.
You constrict the orc, but do no damage.
The orc closely misses you.
The orc wizard gestures wildly while chanting.
The orc wizard flickers and vanishes!
Deactivating autopickup; reactivate with Ctrl-A.
You release your grip on the orc.
The orc wizard gestures at you while chanting.
You are confused.
The orc barely misses you. The black bear bites you. The black bear misses you.
The black bear claws you.
The black bear attacks as it pursues you!
The black bear misses you. The black bear barely misses you.
The black bear claws you. The orc completely misses you.
You bump into the rock wall.
The black bear bites you. The black bear claws you.
The black bear closely misses you. The orc hits you with a +0 hand axe.
* * * LOW HITPOINT WARNING * * *
The orc wizard mumbles some strange words.
The orc wizard flickers and vanishes!
The black bear barely misses you. The black bear claws you.
You die...

*,,,,,,,,,,,,,,,*#######.........
*******+**#......#....##.....##..
,*,,,,*,,,#.(....#....##.....##..
,+,,,,*,,,#......#............#..
,*,,,,+,,,#......#...........##..
,*******###......#...........##..
,,,,,,,,.........#....##.....##..
*,,,,,,,.........#....##.....##..
*,,,,,,,........@#.....#.........
*,,,,,,,.......h.'.....+.....####
*,,,,,,,.......o.#.....#.....#...
*,,,,,,,........o#######,,,,,#...
*,,,,,,,.........{.....#,,,,,#...
*,,,,,,,....%....h..h..#*****#...
*,,,,,**#########..h....,,,,.....
*******,,,,,,,,,*.......,,,......
**,,,,*,,,,,,,,,*.......,,,...###


You could see a black bear, a hound and 2 orcs.

Vanquished Creatures
  3 gnolls
3 creatures vanquished.

Notes
Turn   | Place    | Note
-------+----------+-------------------------------------------
     0 | D:5      | Azuregosa the Octopode Delver began the quest for the Orb.
     0 | D:5      | Reached XP level 1. HP: 16/16 MP: 1/1
    31 | D:6      | Reached XP level 2. HP: 13/21 MP: 2/2
   118 | D:6      | Reached XP level 3. HP: 4/26 MP: 3/3
   216 | D:6      | Noticed a wight
   260 | D:5      | Noticed a black bear
   275 | D:5      | Found a runed translucent gate.
   276 | D:5      | Found a runed translucent gate.
   276 | D:5      | Identified the +1 spear "Leviticus" {spect, Int+3 Stlth+}
   276 | D:5      | Identified the +3 chain mail of Yfupicsa {Rampage Stlth+}
   276 | D:5      | Noticed Syrassil's ghost (novice HuWn)
   277 | D:5      | Found a runed translucent gate.
   309 | D:5      | Noticed a black bear
   318 | D:5      | Slain by a black bear

Illustrated notes

Levels and vault maps discovered:
D:5:      layout_gridville, biasface_ghost_orc_armoury, uniq_edmund, uniq_pikel
D:6:      layout_basic, minmay_temple_entry_antechambers, uniq_eustachio

Skill      XL: |  1  2 |
---------------+-------+-----
Dodging        | 3 |  3.5
Fighting       | |  3.0
Long Blades    | |  2.0
Stealth        | |  6.6

Action                     || total
---------------------------++-------
  Melee: Falchion          ||    12
         Constrict         ||     5
         Tentacles         ||     2
         Spear             ||     2
    Use: Scroll            ||     3
   Stab: Sleeping          ||     1
 Armour: Skin              ||    13
  Dodge: Dodged            ||    16

Table legend: (Time is in decaauts)
 A = Elapsed time spent in this place.
 B = Non-inter-level travel time spent in this place.
 C = Inter-level travel time spent in this place.
 D = Time resting spent in this place.
 E = Time spent auto-exploring this place.
 F = Levels seen in this place.
 G = Mean time per level.
                   A        B        C        D        E       F      G
               +--------+--------+--------+--------+--------+-----+--------+
         Total |    321 |    321 |      0 |    153 |      2 |   2 |  160.5 |
       Dungeon |    321 |    321 |      0 |    153 |      2 |   2 |  160.5 |
               +--------+--------+--------+--------+--------+-----+--------+

Top non-repeatable levels by time:
     D:5: 260 daAuts
     D:6: 60 daAuts
